cohdb
Replays
Latest Replays
All Replays
Popular Replays
Top Player Replays
Match Explorer
How It Works
Community
CoH3 Stats
Reddit
Sign in to upload your games and track your stats! →
Sign in with Steam
Match 44697443
Unlisted
Match 44697443
Overview
Messages
Build Orders
End
Selects Special Operations Battlegroup
Selects M29 Weasel Recon Vehicle
M29 Weasel Recon Vehicle
Construct Barracks
Riflemen Squad
Construct Weapon Support Center
Grenade Package
M1 Mortar Team
Bazooka Squad
1⁄4-ton 4x4 Truck
Riflemen Squad
Construct Medical Station
Infantry Support Center
Selects Raiding Flares
Selects SSF Commando Squad
SSF Commando Squad
M3 Armored Personnel Carrier
Sniper
barak
RYZEN
Chemdog
Torpedro
BlightTown's MOST WANTED
Husar
Kingdjbc
MrDeadPool
0
0
Comments
sign in to comment!
No comments posted yet!